 Dungeon Crawl Stone Soup version 0.28.0-43-g3370ac3207 (webtiles) character file.

Game seed: 7454268781519710694

42 styxcanada the Sneak (level 3, 0/18 HPs)
             Began as a Spriggan Brigand on Mar 26, 2022.
             Slain by an adder (1 damage)
             ... on level 2 of the Dungeon.
             The game lasted 00:04:13 (1464 turns).

styxcanada the Sneak (Spriggan Brigand)             Turns: 1464, Time: 00:04:13

Health: 0/18       AC:  3    Str:  7    XL:     3   Next: 35%
Magic:  4/4        EV: 17    Int: 12    God:
Gold:   54         SH:  0    Dex: 18    Spells: 2/2 levels left

rFire   . . .      SeeInvis +   a - +2 dagger
rCold   . . .      Faith    .   (no shield)
rNeg    . . .      Spirit   .   b - +0 robe
rPois   .          Reflect  .   (helmet restricted)
rElec   .          Harm     .   c - +0 cloak
rCorr   .          Rampage  .   (gloves unavailable)
Will    .....                   (boots unavailable)
Stlth   ++++......              (no amulet)
HPRegen 0.06/turn               (no ring)
MPRegen 0.09/turn               (no ring)

@: lethally poisoned (0 -> -2), very quick
A: very small, no large weapons, unfitting armour, see invisible, speed 3
a: no special abilities


You were on level 2 of the Dungeon.
You visited 1 branch of the dungeon, and saw 2 of its levels.

You collected 54 gold pieces.

Inventory:

Hand Weapons
 a - a +2 dagger (weapon)
Missiles
 h - 99 stones (quivered)
 l - 26 sling bullets
Armour
 b - a +0 robe (worn)
 c - a +0 cloak (worn)
Scrolls
 g - 2 scrolls of identify {unknown}
 i - 2 scrolls of blinking {unknown}
 k - a scroll of fog {unknown}
Potions
 f - a potion of attraction {unknown}
 j - a potion of degeneration {unknown}


   Skills:
 * Level 1.7 Fighting
 + Level 2.4 Short Blades
 + Level 2.1 Throwing
 * Level 2.0 Dodging
 * Level 7.2 Stealth


You had 2 spell levels left.
You didn't know any spells.
Your spell library was empty.

Dungeon Overview and Level Annotations

Branches:
Dungeon (2/15)

Altars:


Innate Abilities, Weirdness & Mutations

You are very small and have problems with some larger weapons.
You are too small for most types of armour.
You have supernaturally acute eyesight. (SInv)
You cover ground extremely quickly. (Speed+++)


Message History

You hit the adder but do no damage.
The adder is lightly wounded.
The adder bites you.
You completely miss the adder.
The adder is lightly wounded.
The adder completely misses you.
You hit the adder.
The adder is heavily wounded.
The adder completely misses you.
You barely miss the adder.
The adder is heavily wounded.
The adder misses you.
You hit the adder.
The adder is severely wounded.
The adder bites you.
You miss the adder.
The adder is severely wounded.
The adder barely misses you. The adder closely misses you.
You barely miss the adder.
The adder is severely wounded.
The adder barely misses you.
You barely miss the adder.
The adder is severely wounded.
The adder closely misses you.
You barely miss the adder.
The adder is severely wounded.
The adder bites you.
* * * LOW HITPOINT WARNING * * *
You are poisoned.
The adder poisons you!
You barely miss the adder.
The adder is severely wounded.
* * * LOW HITPOINT WARNING * * *
You feel sick. The adder bites you.
* * * LOW HITPOINT WARNING * * *
You hit the adder.
The adder is almost dead.
* * * LOW HITPOINT WARNING * * *
You feel sick. The adder bites you.
You die...

###########################
#.........................#
#.#######################.#
#.# #.# #.# #.# #.# #.#
#.############## #.#
#..(......S@...# #.#
#..###########.# #.#
######..# #.# #.# .(......#
#.# #.# #######.#
#.##########.# #.#
#.........<#.# #.#
############.# #######.#
########## #.#
........##########.......<#
#.#


You could see an adder.

Vanquished Creatures
  A dart slug (D:1)
  A ball python (D:1)
  2 bats
  5 endoplasms
  5 giant cockroaches
  4 goblins
  A hobgoblin (D:1)
  5 jackals (D:2)
  2 quokkas
  A frilled lizard (D:1)
  5 kobolds
  2 rats
34 creatures vanquished.

Notes
Turn   | Place    | Note
-------+----------+-------------------------------------------
     0 | D:1      | styxcanada the Spriggan Brigand began the quest for the
                  | Orb.
     0 | D:1      | Reached XP level 1. HP: 10/10 MP: 2/2
    32 | D:1      | Reached skill level 6 in Stealth
   250 | D:1      | Reached XP level 2. HP: 14/14 MP: 3/3
   922 | D:2      | Reached skill level 7 in Stealth
   922 | D:2      | Reached XP level 3. HP: 18/18 MP: 4/4
  1464 | D:2      | Slain by an adder

Illustrated notes

Levels and vault maps discovered:
D:1:      ebering_trefoil_3fold, layout_basic, st_stairs_6
D:2:      layout_basic, hellmonk_ecumenical_altar_run_dry,
          minmay_small_reverse_x

Skill      XL: |  1  2 |
---------------+-------+-----
Stealth        | 6 7 |  7.2
Dodging        | 2 |  2.0
Fighting       | |  1.7
Short Blades   | |  2.4
Throwing       | |  2.1

Action                   || total
-------------------------++-------
Melee: Dagger            ||    85
Throw: Dart              ||    22
       Stone             ||     2
 Stab: Sleeping          ||    13
       Distracted        ||     1
Armor: Robe              ||    15
Dodge: Dodged            ||    57
